 Dungeon Crawl Stone Soup version 0.29.0-11-gd7f09526c8 (webtiles) character file.

Game seed: 17948495680083893612

39 concernfroge the Trooper (level 3, 0/31 HPs)
             Began as a Mummy Monk on Sept 4, 2022.
             Slain by a worm (1 damage)
             ... on level 1 of the Dungeon.
             The game lasted 00:03:33 (1346 turns).

concernfroge the Trooper (Mummy Monk)               Turns: 1346, Time: 00:03:38

Health: 0/31       AC:  8    Str: 16    XL:     3   Next: 26%
Magic:  3/3        EV: 10    Int:  9    God:
Gold:   111        SH:  0    Dex: 14    Spells: 2/2 levels left

rFire   x . .      SeeInvis .   a - +0 spear
rCold   + + .      Faith    .   (no shield)
rNeg    + + +      Spirit   .   b - +0 scale mail
rPois   ∞          Reflect  .   j - +2 hat
rElec   .          Harm     .   (no cloak)
rCorr   .          Rampage  .   (no gloves)
Will    .....                   (no boots)
Stlth   ..........              (no amulet)
HPRegen 0.10/turn               i - ring of protection from cold
MPRegen 0.08/turn               (no ring)

@: no status effects
A: cold resistance 1, negative energy resistance 3, torment resistance 2, heat
vulnerability 1, in touch with death 1, no potions
a: no special abilities


You were on level 1 of the Dungeon.
You visited 1 branch of the dungeon, and saw 2 of its levels.

You collected 111 gold pieces.

Inventory:

Hand Weapons
 a - a +0 spear (weapon)
Missiles
 e - 2 boomerangs (quivered)
 g - 2 javelins
Armour
 b - a +0 scale mail (worn)
 j - a +2 hat (worn)
Jewellery
 i - a ring of protection from cold (left hand)
Scrolls
 d - a scroll of magic mapping
 h - 3 scrolls of blinking {unknown}


   Skills:
 + Level 4.4 Fighting
 - Level 2.4 Polearms
 - Level 2.4 Dodging
 - Level 1.5 Stealth


You had 2 spell levels left.
You didn't know any spells.
Your spell library was empty.

Dungeon Overview and Level Annotations

Branches:
Dungeon (2/15)

Altars:

Annotations:
D:2 Robin


Innate Abilities, Weirdness & Mutations

You are immune to poison.
Your flesh is cold resistant. (rC+)
You are immune to negative energy. (rN+++)
You are immune to unholy pain and torment.
You are vulnerable to heat. (rF-)
You are in touch with the powers of death.
You do not drink.


Message History

You hit the gnoll.
The gnoll is severely wounded.
The gnoll completely misses you.
You hit the gnoll.
You kill the gnoll!
Things that are here:
a +0 spear; a gnoll corpse A gnoll is nearby!
As you read the scroll labelled JEZEHY SYTI, it crumbles to dust.
You feel aware of your surroundings.
It was a scroll of magic mapping.
A worm comes into view.
Found a stone staircase leading up.
A hobgoblin and a goblin come into view.
The hobgoblin shouts!
The goblin shouts!
You hear a shout! x8
Robin and a goblin come into view.
The goblin shouts!
A goblin comes into view. It is wielding a +0 dagger.
Robin roars a battlecry!
The goblins go into a battle-frenzy!
A hobgoblin and a goblin come into view.
The hobgoblin shouts!
A goblin comes into view. It is wielding a +0 dagger.
A goblin comes into view. It is wielding a +0 club.
Robin throws the goblin at you!
* * * LOW HITPOINT WARNING * * *
The worm bites you.
* * * LOW HITPOINT WARNING * * *
The goblin moves out of view.
There is a stone staircase leading up here.
The hobgoblin closely misses you. The gnoll barely misses you.
The goblin barely misses you.
You climb upwards.
There is a stone staircase leading down here.
The air fills with toxic fumes!
As you read the scroll labelled UPHUOD CAXTEQO, it crumbles to dust.
It was a scroll of poison.
The hobgoblin barely misses you. The goblin hits you with a +0 dagger.
* * * LOW HITPOINT WARNING * * *
The worm bites you.
You die...

#.....# ##.## #. ###§#§#
#.# #. #§#§#### #.# ####.
##§§§§§§###.# #....
##§§§§§#§§§..# #..##
#§§§§§§§§§#### #....
#§§§§§§§§§# #.###
#§§§§§§g§w# #....
##.....#@g# #####
##...##§§### ##.###§§§§##
## ###.###§#§§§# #.
#.....#################.
#.#.#.#.................
###.#...#<.[.##...##......
#.....#.#.................
#.#.....#################.


You could see a worm, a hobgoblin (strong) and a goblin (strong).

Vanquished Creatures
  A gnoll (D:2)
  7 bats
  2 endoplasms
  A giant cockroach (D:1)
  2 goblins (D:1)
  A hobgoblin (D:2)
  7 jackals (D:1)
  A frilled lizard (D:1)
  2 kobolds (D:1)
  4 rats
28 creatures vanquished.

Notes
Turn   | Place    | Note
-------+----------+-------------------------------------------
     0 | D:1      | concernfroge the Mummy Monk began the quest for the Orb.
     0 | D:1      | Reached XP level 1. HP: 18/18 MP: 1/1
   310 | D:1      | Reached XP level 2. HP: 24/24 MP: 2/2
   531 | D:1      | Found a faded altar of an unknown god.
   568 | D:1      | Reached skill level 4 in Fighting
  1137 | D:2      | Gained mutation: You are in touch with the powers of death.
                  | [Mummy growth]
  1137 | D:2      | Reached XP level 3. HP: 30/30 MP: 3/3
  1341 | D:2      | Noticed Robin
  1346 | D:1      | HP: 1/31 [goblin/+0 dagger[Robin] (5)]
  1346 | D:1      | Slain by a worm

Illustrated notes

Levels and vault maps discovered:
D:1:      wheals_arrival_shading, layout_loops_ring,
          ebering_ecumenical_altar_sacrificial, chequers_serial_rivers_room_a,
          chequers_serial_rivers_micro_c, minmay_misc_feat_columns
D:2:      layout_basic, uniq_sigmund, uniq_robin

Skill      XL: |  1  2 |
---------------+-------+-----
Fighting       | 4 |  4.4
Polearms       | |  2.4
Dodging        | |  2.4
Stealth        | |  1.5

Action                   || total
-------------------------++-------
Melee: Spear             ||   135
       Punch             ||     1
Throw: Boomerang         ||     1
  Use: Scroll            ||     3
 Stab: Sleeping          ||     1
Armor: Robe              ||     7
       Ring mail         ||     2
       Scale mail        ||    48
Dodge: Dodged            ||    60
